 Dungeon Crawl Stone Soup version 0.19.1-1-g22dce08 (webtiles) character file.

990 godfroggy the Carver (level 7, -3/59 HPs)
             Began as a Minotaur Fighter on Jan 6, 2017.
             Was an Initiate of Qazlal.
             Slain by Duvessa
             ... wielding a +0 rapier
              (9 damage)
             ... on level 5 of the Dungeon.
             The game lasted 00:14:27 (3752 turns).

godfroggy the Carver (Minotaur Fighter)             Turns: 3752, Time: 00:14:28

Health: -3/59      AC:  9    Str: 21    XL:     7   Next: 98%
Magic:  6/6        EV:  9    Int:  9    God:    Qazlal [......]
Gold:   173        SH: 10    Dex: 14    Spells: 0 memorised, 6 levels left

rFire  . . .     SeeInvis .     a - +0 long sword
rCold  . . .     Gourm    .     b - +0 scale mail
rNeg   . . .     Faith    .     c - +0 shield
rPois  .         Spirit   .     v - +2 hat
rElec  .         Reflect  .     (no cloak)
rCorr  .         Harm     .     (no gloves)
MR     .....                    (no boots)
Stlth  ..........               (no amulet)
                                n - +4 ring of intelligence
                                m - +3 ring of dexterity

@: no status effects
A: retaliatory headbutt, horns 2
a: Renounce Religion


You were on level 5 of the Dungeon.
You worshipped Qazlal.
Qazlal was noncommittal.
You were not hungry.

You visited 1 branch of the dungeon, and saw 5 of its levels.
You also visited: Sewer.

You collected 173 gold pieces.

Inventory:

Hand Weapons
 a - a +0 long sword (weapon)
Missiles
 w - 7 tomahawks (quivered)
Armour
 b - a +0 scale mail (worn)
 c - a +0 shield (worn)
 v - a +2 hat (worn)
Jewellery
 m - a +3 ring of dexterity (left hand)
 n - a +4 ring of intelligence (right hand)
Scrolls
 e - a scroll of immolation {unknown}
 i - 6 scrolls of teleportation {unknown}
 j - a scroll of recharging {unknown}
 k - a scroll of random uselessness {unknown}
 p - 2 scrolls of magic mapping {unknown}
 q - a scroll of fog {unknown}
 r - 2 scrolls of blinking {unknown}
 s - a scroll of remove curse {unknown}
Potions
 d - 2 potions of might
 h - a potion of curing
 l - 2 potions of heal wounds {unknown}
 o - a potion of flight {unknown}
 t - a potion of berserk rage {unknown}
 u - a potion of resistance {unknown}
 x - a potion of brilliance {unknown}
Comestibles
 f - 4 bread rations
 g - 2 beef jerkies


   Skills:
 + Level 4.1 Fighting
 - Level 10.0 Long Blades
 + Level 4.2 Armour
 * Level 2.5 Dodging
 + Level 4.3 Shields
 * Level 1.0 Invocations


You had 6 spell levels left.
You didn't know any spells.

Dungeon Overview and Level Annotations

Branches:
Dungeon (5/15)
 Temple: D:4-7

Altars:
Elyvilon
Qazlal
Yredelemnul

Annotations:
D:5 Duvessa


Innate Abilities, Weirdness & Mutations

You reflexively headbutt those who attack you in melee.
You have a pair of horns on your head.


Message History

* * * LOW HITPOINT WARNING * * *
The adder barely misses you. You furiously retaliate!
You headbutt the adder. The adder barely misses you.
Duvessa hits you with a rapier.
* * * LOW HITPOINT WARNING * * *
An orc comes into view. It is wielding a flail.
The orc shouts!
Duvessa hits you with a rapier!
* * * LOW HITPOINT WARNING * * *
The adder barely misses you.
You riposte.
You hit the adder but do no damage. Your headbutt misses the adder.
The adder is severely wounded.
You feel better. Duvessa hits you with a rapier!
* * * LOW HITPOINT WARNING * * *
You block the adder's attack. You block Duvessa's attack.
The adder bites you but does no damage.
An orc comes into view.
Duvessa rages.
Duvessa hits you with a rapier!
You die...

............###'###
#o......<.).)....
#?......(.######.
#.........#
#.o.##.##.#
#...##.##.#
#S.........
######e#.......##
#....@.####.####
......#### .# ###..
# #. #


You could see Duvessa (berserk), an adder and 2 orcs.

Vanquished Creatures
  2 ogres
  A phantom (D:5)
  3 big kobolds (Sewer)
  A bullfrog (D:4)
  Dowan (D:5)
  A hound (D:5)
  A bullfrog skeleton (D:4)
  Ijyb (D:2)
  An orc wizard (D:3)
  A hound skeleton (D:4)
  A howler monkey skeleton (D:4)
  4 gnolls (D:4)
  10 adders
  2 river rats (Sewer)
  3 oozes
  An adder skeleton (D:4)
  6 worms
  4 dart slugs
  2 leopard geckos
  12 orcs
  2 ball pythons (Sewer)
  8 bats
  2 giant cockroaches (D:3)
  9 hobgoblins
  8 jackals
  A quokka (D:4)
  A frilled lizard (D:3)
  5 goblins
  12 kobolds
  A quokka skeleton (D:4)
  9 rats
116 creatures vanquished.

Vanquished Creatures (others)
  A quokka (D:3)
1 creature vanquished.

Grand Total: 117 creatures vanquished

Notes
Turn   | Place    | Note
-------+----------+-------------------------------------------
     0 | D:1      | godfroggy the Minotaur Fighter began the quest for the Orb.
     0 | D:1      | Reached XP level 1. HP: 19/19 MP: 0/0
   199 | D:1      | Reached skill level 3 in Long Blades
   309 | D:1      | Reached XP level 2. HP: 26/26 MP: 1/1
   622 | D:1      | Reached skill level 4 in Long Blades
   882 | D:1      | Reached XP level 3. HP: 31/31 MP: 2/2
   961 | D:2      | Found a basalt altar of Yredelemnul.
  1165 | D:2      | Noticed Ijyb
  1165 | D:2      | Reached skill level 5 in Long Blades
  1181 | D:2      | Killed Ijyb
  1181 | D:2      | Reached XP level 4. HP: 34/39 MP: 3/3
  1329 | D:3      | Found a glowing drain.
  1343 | Sewer    | Entered a sewer
  1382 | Sewer    | Noticed a big kobold
  1400 | Sewer    | Killed a big kobold
  1400 | Sewer    | Reached skill level 6 in Long Blades
  1400 | Sewer    | Reached XP level 5. HP: 44/45 MP: 4/4
  1699 | Sewer    | Reached skill level 7 in Long Blades
  1702 | Sewer    | Reached XP level 6. HP: 48/51 MP: 5/5
  1907 | Sewer    | Reached skill level 8 in Long Blades
  2267 | D:3      | Found a white marble altar of Elyvilon.
  2316 | D:3      | Found a stormy altar of Qazlal.
  2678 | D:3      | Reached skill level 9 in Long Blades
  2823 | D:4      | Reached XP level 7. HP: 38/57 MP: 6/6
  3124 | D:4      | Reached skill level 10 in Long Blades
  3371 | D:4      | Reached skill level 1 in Dodging
  3677 | D:5      | Entered Level 5 of the Dungeon
  3699 | D:5      | Found a stormy altar of Qazlal.
  3706 | D:5      | Became a worshipper of Qazlal Stormbringer
  3708 | D:5      | Noticed Duvessa
  3709 | D:5      | Noticed Dowan
  3735 | D:5      | Killed Dowan
  3735 | D:5      | Reached skill level 1 in Invocations
  3745 | D:5      | HP: 2/59 [Duvessa/rapier (7)]
  3752 | D:5      | Slain by Duvessa

Skill      XL: |  1  2  3  4  5  6  7 |
---------------+----------------------+-----
Long Blades    | 3 4 5 6 7 9 10 | 10.0
Dodging        | 2 |  2.5
Fighting       | 4 |  4.1
Armour         | 4 |  4.2
Shields        | 4 |  4.3
Invocations    | 1 |  1.0

Action                   |  1- 3 |  4- 6 |  7- 9 || total
-------------------------+-------+-------+-------++-------
Melee: Long sword        |    76 |   156 |    96 ||   328
       Headbutt          |    12 |    33 |    22 ||    67
  Use: Potion            |       |       |     2 ||     2
  Eat: Chunk             |     1 |     6 |     3 ||    10
Armor: Scale mail        |    39 |    40 |    30 ||   109
Dodge: Dodged            |    23 |    36 |    21 ||    80
Block: Shield            |    52 |    67 |    40 ||   159
       Rpst.: Long sword |     4 |    14 |     8 ||    26
